Cogmind - Beta 11.1 @@@ ROGUE MODE // 2022.11.15 @ 20:58:53 Player: Serom_69 Result: Destroyed by as-49669 with Assembled Heavy Rifle Performance ------------- Evolutions (1) 500 Regions Visited (3) 600 Robots Destroyed (50) 250 Value Destroyed (1182) 1182 Prototype IDs (5) 100 Alien Tech Used (0) 0 Bonus (116) 116 TOTAL SCORE: 2748 Bonus ------- High Alert Combat Kills 116 Cogmind --------- Core Integrity 0/400 Matter 38/300 Energy 160/160 System Corruption 0% Temperature Cool (0) Movement Core (450) Ox8 Location -9/Mines Parts ------- > --- POWER (1) -------- Light Nuclear Core > --- PROPULSION (3) --- (None) > --- UTILITY (3) ------ Large Storage Unit Hacking Suite > --- WEAPON (2) ------- (None) > --- INVENTORY (15) --- Ion Engine Ion Engine Improved Heat Sink Sensor Array Light Armor Plating Minigun Improved Datajack Peak State ------------ > --- POWER ------------ Ion Engine > --- PROPULSION ------- Aluminum Leg Aluminum Leg Improved Aluminum Leg > --- UTILITY ---------- Large Storage Unit Light Armor Plating Hacking Suite > --- WEAPON ----------- Minigun Minigun > --- INVENTORY -------- Ion Engine Light Nuclear Core Improved Heat Sink Sensor Array Light Armor Plating Light Armor Plating Minigun Rocket Launcher Mini Grenade Launcher Improved Datajack [Rating: 18] Favorites ----------- Power Ion Engine Engine Ion Engine Power Core Light Nuclear Core Propulsion Wheel Leg Aluminum Leg Wheel Wheel Utility Light Armor Plating Device Sensor Array Storage Medium Storage Unit Hackware Hacking Suite Protection Light Armor Plating Weapon Medium Laser Energy Gun Medium Laser Ballistic Gun Minigun Ballistic Cannon Light Cannon Launcher Mini Grenade Launcher Special Melee Weapon Improved Datajack Build | -11 -10 -9 -9 ------- Run | Scr Mat Mat Min Slots Evolved 2 | . . 2 . Power . | . . . . Propulsion 1 | . . 1 . Utility 1 | . . 1 . Weapon . | . . . . Parts Attached 39 | 6 12 17 4 Power 4 | 1 1 . 2 Engine 2 | 1 1 . . Core 2 | . . . 2 Reactor . | . . . . Propulsion 7 | 2 1 4 . Treads . | . . . . Leg 3 | . . 3 . Wheel 4 | 2 1 1 . Hover . | . . . . Flight . | . . . . Utility 9 | 1 4 3 1 Device 1 | . 1 . . Storage 3 | 1 1 1 . Processor . | . . . . Hackware 1 | . . 1 . Protection 4 | . 2 1 1 Artifact . | . . . . Weapon 19 | 2 6 10 1 Energy Gun 2 | 1 . 1 . Energy Cannon . | . . . . Ballistic Gun 6 | 1 1 4 . Ballistic Cannon 2 | . 2 . . Launcher 8 | . 3 4 1 Special Weapon . | . . . . Impact Weapon . | . . . . Slashing Weapon . | . . . . Piercing Weapon . | . . . . Special Melee Weapon 1 | . . 1 . Unidentified Prototypes . | . . . . Parts Lost 13 | . 1 5 7 Power 1 | . . . 1 Propulsion 5 | . . 3 2 Utility 3 | . 1 1 1 Weapon 4 | . . 1 3 Highest Loss Streak 7 | . 1 3 7 To Critical Strikes . | . . . . Average Slot Usage (%) 92 | . 94 90 77 Engine 12 | . 14 11 3 Leg 3 | . . 8 20 Wheel 23 | . 28 18 . Storage 12 | . 14 11 11 Hackware 4 | . . 11 11 Protection 8 | . 7 8 9 Energy Gun 10 | . 14 4 . Ballistic Gun 5 | . 3 6 16 Ballistic Cannon 6 | . 7 6 . Launcher 2 | . 3 2 . Naked Turns . | . . . . Heaviest Build 35 | 14 23 34 35 Greatest Support 33 | 26 26 33 23 Greatest Overweight (x) 8 | . 1 3 8 Average Overweight (x) . | . . 1 1 Largest Inventory Capacity 15 | 8 10 15 15 Average Capacity 10 | 7 9 14 15 Most Carried 14 | 5 10 14 9 Average Carried 7 | 1 5 10 8 Final Capacity 15 | 8 10 15 15 Final Carried 10 | . 10 9 7 Class Distribution -------------------- 76% | Mutant 23% | Scavenger-Mutant Dominant Class ---------------- Mutant | -10/Materials Scavenger-Mutant | -9/Materials Scavenger-Mutant | -9/Mines Resources | -11 -10 -9 -9 ----------- Run | Scr Mat Mat Min Matter Collected 847 | 220 372 211 44 Remotely . | . . . . Salvage Created 1143 | . 763 288 92 Parts 92 | . 51 37 4 Haulers Intercepted 2 | . 1 1 . Recyclers Shooed . | . . . . Parts Field Recycled . | . . . . Retrieved Matter . | . . . . Parts Self-Destructed . | . . . . Prevented . | . . . . Kills | -11 -10 -9 -9 ------- Run | Scr Mat Mat Min Combat Hostiles Destroyed 35 | . 18 14 3 Guns 12 | . 3 6 3 Cannons 9 | . 6 3 . AOE 14 | . 9 5 . Classes Destroyed 11 | . 9 1 1 Worker 3 | . 1 2 . Builder 1 | . 1 . . Tunneler 1 | . 1 . . Hauler 2 | . 1 1 . Recycler 1 | . 1 . . Operator 2 | . 2 . . Watcher 6 | . 3 3 . Swarmer 12 | . 3 9 . Grunt 20 | . 15 3 2 Sentry 2 | . . 2 . Assembled 1 | . . . 1 Best Kill Streak 5 | . 3 5 3 Combat Bots Only 3 | . 3 3 3 Max Kills in Single Turn 3 | . 3 2 1 Gunslinging . | . . . . Exploded 3 | . 3 2 . Melee . | . . . . Uniques/NPCs Destroyed . | . . . . Combat | -11 -10 -9 -9 -------- Run | Scr Mat Mat Min Damage Taken 2038 | . 482 618 938 Core 470 | . 68 108 294 Absorbed by Shields . | . . . . Regen/Repaired (Parts) 57 | . . 57 . Core Remaining (%) 86 | 100 72 . . Volleys Fired 107 | . 54 46 7 Largest 2 | . 2 2 2 Hottest 85 | . 85 85 50 Shots Fired 202 | . 105 83 14 Gun 141 | . 71 56 14 Cannon 48 | . 29 19 . Launcher 13 | . 5 8 . Special . | . . . . Kinetic 117 | . 46 57 14 Thermal 72 | . 54 18 . Explosive 13 | . 5 8 . Electromagnetic . | . . . . Robot Hit Streak 10 | . 9 10 4 Robot Miss Streak 6 | . 6 4 2 Penetration Max . | . . . . Secondary Targets 1 | . . . 1 Max Gunslinging Chain 1 | . . . 1 Shots Hit Robots 112 | . 57 47 8 Core Hits 67 | . 39 24 4 Critical Kills . | . . . . Critical Parts Destroyed . | . . . . Critical Strikes 6 | . 6 . . Burn 5 | . 5 . . Blast 1 | . 1 . . Melee Attacks 3 | . . 3 . Impact . | . . . . Slashing . | . . . . Piercing . | . . . . Sneak Attacks 1 | . . 1 . Combat Hostiles . | . . . . Follow-up Attacks . | . . . . Damage Inflicted 3366 | . 1526 1680 160 Guns 1169 | . 513 496 160 Cannons 458 | . 300 158 . Explosions 1739 | . 713 1026 . Melee . | . . . . Ramming . | . . . . Kinetic 1106 | . 403 543 160 Thermal 679 | . 410 269 . Explosive 1581 | . 713 868 . Electromagnetic . | . . . . Impact . | . . . . Slashing . | . . . . Piercing . | . . . . Highest Corruption 1 | . 1 . . Average Corruption 1 | . 1 . . Corruption Purged . | . . . . Corruption Blocked . | . . . . Effects 5 | . 5 . . Message Errors 2 | . 2 . . Energy Discharges 1 | . 1 . . Data Loss (minor) 2 | . 2 . . Overload Shots . | . . . . Overflow Damage 89 | . . 89 . Projectiles . | . . . . Explosions 89 | . . 89 . Melee . | . . . . Knockbacks 2 | . 2 . . Impact . | . . . . Kinetic 2 | . 2 . . Secondary . | . . . . Self-Inflicted Damage 41 | . 41 . . Shots 1 | . 1 . . Rammed . | . . . . Targets Rammed . | . . . . Kicked . | . . . . Crushed . | . . . . Highest Temperature 340 | . 340 168 99 Average Temperature 76 | . 96 45 48 Received Heat Transfer 773 | . 261 213 299 Effects 2 | . 2 . . Shutdowns 1 | . 1 . . Energy Bleed 1 | . 1 . . Siege Activations . | . . . . Robots Corrupted . | . . . . Combat Hostiles . | . . . . Parts Fried . | . . . . Impact Corruptions . | . . . . Robots Melted . | . . . . Combat Hostiles . | . . . . Parts Melted 2 | . 2 . . Heat Transferred 2024 | . 1591 433 . Parts Sabotaged . | . . . . Parts Stolen . | . . . . Parts Stripped . | . . . . Power Chain Reactions . | . . . . Missiles Intercepted . | . . . . Alert | -11 -10 -9 -9 ------- Run | Scr Mat Mat Min Peak Influence 776 | . 642 776 325 Initial 285 | . . 223 285 Average 321 | . 275 439 309 Maximum Alert Level 3 | . 2 3 1 Low Security (%) 29 | 100 43 . . Level 1 37 | . 26 55 100 Level 2 24 | . 29 20 . Level 3 7 | . . 24 . Level 4 . | . . . . Level 5 . | . . . . High Security . | . . . . Max Security . | . . . . Squads Dispatched 6 | . 6 . . Investigation 4 | . 4 . . Extermination . | . . . . Reinforcement 2 | . 2 . . Assault . | . . . . Garrison . | . . . . Intercept . | . . . . Searches Triggered . | . . . . Construction Impeded . | . . . . Haulers Reinforced . | . . . . Active Scanning Responses . | . . . . Cargo Convoy Interrupts . | . . . . Stealth | -11 -10 -9 -9 --------- Run | Scr Mat Mat Min Distress Signals 2 | . . 2 . Communications Jammed . | . . . . Distress Signals . | . . . . Times Spotted 67 | . 25 23 19 Peak Tracking Total 11 | . 3 6 11 Tactical Retreats . | . . . . Traps | -11 -10 -9 -9 ------- Run | Scr Mat Mat Min Traps Triggered 3 | . 3 . . Indirectly . | . . . . Trap Hack Attempts . | . . . . Triggered . | . . . . Disarmed . | . . . . Reprogrammed . | . . . . Reused . | . . . . Traps Extracted . | . . . . Installed . | . . . . Triggered . | . . . . Machines | -11 -10 -9 -9 ---------- Run | Scr Mat Mat Min Machines Disabled 11 | . 3 8 . Max in Single Turn 4 | . 3 4 . Machines Sabotaged . | . . . . Garrisons Compromised . | . . . . Overloaded Fab Kills . | . . . . Hacking | -11 -10 -9 -9 --------- Run | Scr Mat Mat Min Machines Accessed 8 | . 5 3 . Terminals 6 | . 4 2 . Fabricators . | . . . . Repair Stations 1 | . . 1 . Recycling Units 1 | . 1 . . Scanalyzers . | . . . . Garrison Access . | . . . . Total Hacks 26 | . 15 11 . Successful 19 | . 10 9 . Failed 7 | . 5 2 . Catastrophic . | . . . . Database Lockouts . | . . . . Manual . | . . . . Terminals 20 | . 12 8 . Fabricators . | . . . . Repair Stations 3 | . . 3 . Recycling Units 3 | . 3 . . Scanalyzers . | . . . . Garrison Access . | . . . . Terminal Hacks 15 | . 8 7 . Record 4 | . 2 2 . Prototype ID Bank 2 | . 2 . . Emergency Access Points 1 | . . 1 . Alert Level 2 | . 1 1 . Transport Status 2 | . 1 1 . Assault Status 1 | . . 1 . Hauler Manifests 1 | . 1 . . Registered Prototypes 1 | . . 1 . Zone Layout 1 | . 1 . . Fabricator Hacks . | . . . . Repair Station Hacks 2 | . . 2 . Scan Component 1 | . . 1 . Repair 1 | . . 1 . Recycling Unit Hacks 2 | . 2 . . Process 1 | . 1 . . Retrieve Matter 1 | . 1 . . Scanalyzer . | . . . . Garrison Access Hacks . | . . . . Unauthorized Hacks . | . . . . Terminals . | . . . . Fabricators . | . . . . Repair Stations . | . . . . Recycling Units . | . . . . Scanalyzers . | . . . . Garrison Access . | . . . . Data Cores Recovered . | . . . . Used . | . . . . Hacking Detections 7 | . 4 3 . Full Trace Events 3 | . 3 . . Feedback Events . | . . . . Feedback Blocked . | . . . . Robot Schematics Acquired . | . . . . Robots Built . | . . . . Authchips . | . . . . Time . | . . . . Total Robot Build Rating . | . . . . Part Schematics Acquired . | . . . . Parts Built . | . . . . Authchips . | . . . . Time . | . . . . Total Part Build Rating . | . . . . Parts Repaired 1 | . . 1 . Time 13 | . . 13 . Parts Recycled . | . . . . Recycled Matter 432 | . 432 . . Retrieved Matter . | . . . . Retrieved Components . | . . . . Parts Scanalyzed . | . . . . Part Schematics Acquired . | . . . . Parts Damaged . | . . . . Bothacking | -11 -10 -9 -9 ------------ Run | Scr Mat Mat Min Used RIF Installer . | . . . . Robots Hacked 1 | . . 1 . Non-combat . | . . . . Combat 1 | . . 1 . Robot Hacks Applied 1 | . . 1 . parse_system 1 | . . 1 . Relay Couplers Released . | . . . . Fabnet Peak Effective % . | . . . . Robots Rewired . | . . . . Allies Hacked . | . . . . Hacks Repelled . | . . . . Allies | -11 -10 -9 -9 -------- Run | Scr Mat Mat Min Total Allies . | . . . . Largest Group . | . . . . Highest-Rated Group . | . . . . Highest-Rated Ally . | . . . . Total Orders . | . . . . Ally Attacks . | . . . . Total Damage . | . . . . Kills . | . . . . Allies Corrupted . | . . . . Allies Melted . | . . . . Intel | -11 -10 -9 -9 ------- Run | Scr Mat Mat Min Robot Analysis Total . | . . . . Derelict Logs Recovered . | . . . . Drone Launches . | . . . . Drone Recoveries . | . . . . Exploration | -11 -10 -9 -9 ------------- Run | Scr Mat Mat Min Turns Passed 1514 | 48 919 491 56 Spaces Moved 1128 | 39 785 288 16 Core 16 | 15 . . 1 Treads . | . . . . Legs 60 | . . 45 15 Wheels 1052 | 24 785 243 . Hover . | . . . . Flight . | . . . . Fastest Speed 50 | 50 90 80 190 Average Speed 96 | 74 91 108 215 Slowest Speed 450 | 90 95 190 450 Overloaded Moves . | . . . . Propulsion Burnouts . | . . . . Robots Hopped . | . . . . Cave-ins Triggered . | . . . . Exploration Rate (%) 34 | 3 95 28 11 Regions Visited 3 Branch Regions 1 Pre-discovered Areas . | . . . . Known Exits Taken . | . . . . Unknown Exits Taken 3 | 1 1 1 . Scrap Searched . | . . . . Spaces Dug 15 | . 15 . . Terrain Destroyed 165 | . 95 70 . Melee . | . . . . Projectile . | . . . . AOE 165 | . 95 70 . Terrain Rammed . | . . . . Walls Destroyed . | . . . . Machines Disabled . | . . . . Actions | -11 -10 -9 -9 --------- Run | Scr Mat Mat Min Total 1355 | 57 877 392 29 Wait 42 | 8 10 23 1 Move 1125 | 38 784 287 16 Hop . | . . . . Pick Up 30 | 5 14 10 1 Fast Attach 2 | 1 1 . . Attach 19 | 5 2 9 3 Detach . | . . . . Swap 18 | . 9 8 1 Drop 9 | . 3 6 . Fire 107 | . 54 46 7 Melee 3 | . . 3 . Ram . | . . . . Kick . | . . . . Crush . | . . . . Escape Stasis . | . . . . Rewire . | . . . . Trap . | . . . . Miscellaneous . | . . . . Route ------- -11/Scrapyard -10/Materials (discovered 5 exits: *Mat x3 / [*Min x2]) -9/Materials -9/Mines History --------- Turn | Location | Event 13 | -11/Scrapyard | Discovered new exit (range 15) 49 | -11/Scrapyard | Entered Materials 58 | -10/Materials | Discovered new exit (range 16) 308 | -10/Materials | Build established: Mutant 309 | -10/Materials | Discovered new exit (range 10) 365 | -10/Materials | Discovered new exit (range 16) 412 | -10/Materials | Discovered new exit (range 11) 535 | -10/Materials | Discovered new exit (range 16) 968 | -10/Materials | Entered another Materials area 968 | -9/Materials | Evolved 2 slots: Propulsion x1, Utility x1 1079 | -9/Materials | Repaired Lgt. Armor Plating 1392 | -9/Materials | Discovered new exit (range 12) 1444 | -9/Materials | Lost 3 parts (1n1u1w) 1459 | -9/Materials | Entered Mines 1460 | -9/Mines | Assembled infested the area 1465 | -9/Mines | Assisted by a Guerilla fighting off Assembled 1499 | -9/Mines | Core integrity fell below 50% 1511 | -9/Mines | Core integrity fell below 20% 1515 | -9/Mines | Destroyed by as-49669 with Assembled Heavy Rifle Last Messages --------------- 01502_ as-66883 suffers critical hit (Destroy). 01502_ as-66883 destroyed. 01503_ T-07 Excavator destroyed. 01504_ EF-LYC(h) suffers critical hit (Destroy). 01505_ Rocket Launcher destroyed. 01505_ Lgt. Armor Plating destroyed. 01506_ C-30 ARC bursts open, deploying its payload. 01506_ D-53 Grenadier unfolds itself. 01509_ Imp. Aluminum Leg destroyed. 01509_ Minigun destroyed. 01510_ EF-LYC(h) destroyed. 01510_ as-68270 destroyed. 01510_ as-40913 destroyed. 01510_ as-15426 destroyed. 01512_ as-62840 destroyed. 01512_ as-81465 destroyed. 01512_ as-75844 destroyed. 01512_ Aluminum Leg destroyed. 01514_ Acquired 2 matter. 01514_ as-40579 destroyed. Map ----- +----------------------------------------------------+ | ??????????????????????????????????????? | | ??????????????????????????????????????? | | ??????????????????????????????????????? | | ??????????????????????????????????????? | | ??????????????????????????????????????? | | ??????????????????????????????????????? | | ??????????????????????????????????????? | | ??????????????????????????????????????? | | ??????????????????????????????????????? | | ??????????????????????????????????????? | | ??????????????????????????????????????? | | ????????????????????????????# ????????? | | ???????????????????????????#u ????????? | | ??????????????????????????# ????????? | | ????????????????????????## %#????????? | | ???????????????????????## #????????? | | ???????????????????????# #????????? | | ??????????????????????## #????????? | | ???????????????#?###### ?????????? | | ???????????????#;# ?????????? | | ???????????????## #?????????? | | ???????????# ### d##????????? | | ??????????? d #????????? | | ???????????# % #????????? | | ????????????# #????????? | | ???????????#; % @ ###??????? | | ????????????#* ## #??????? | | ?????????????????????# #??????? | | ?????????????????????# #??????? | | ?????????????????????# #??????? | | ?????????????????????# #??????? | | ?????????????????????# #??????? | | ?????????????????????# % ??????? | | ?????????????????????# ! a # # ?????? | | ??????????????????#### [% #### ????? | | ???????????????# =%= #???? ##???? | | ???????????????# #### [% #???? #????? | | ?????????????????????#######?????#????? | | ??????????????????????????????????????? | | ??????????????????????????????????????? | | ??????????????????????????????????????? | | ??????????????????????????????????????? | | ??????????????????????????????????????? | | ??????????????????????????????????????? | | ??????????????????????????????????????? | | ??????????????????????????????????????? | | ??????????????????????????????????????? | | ??????????????????????????????????????? | | ??????????????????????????????????????? | | ??????????????????????????????????????? | +----------------------------------------------------+ Best States ------------- Heat Dissipation 28 Energy Generation 14 Energy Capacity 250 Matter Stores 300 Matter Capacity 300 Sight Range 16 Robot Scan Range 14 Terrain Scan Density 10 Armor Coverage 225 Evasion (%) 55 Offensive Hacking 10 Item Schematics ----------------- None Robot Schematics ------------------ None Fabricated ------------ Nothing Alien Tech Used ----------------- None Achievements -------------- None Challenges ------------ None Game ------ Seed PrecisionMolecularClaws Manual? 1 Play Time 00:31:32 Cumulative 15.5 hours Start 2022.11.15 @ 20:29:27 End 2022.11.15 @ 20:58:53 Sessions 1 Manual Loads 0 Difficulty Rogue Special Mode None Game No. 13 Rogue 13 Adventurer 0 Explorer 0 Win Type - Total 0 Types 0/0/0/0/0/0/0/0/0 Lore% 6 Gallery% 13 Achievement% 14 Wizard Run 0 Options --------- ASCII 0 Keyboard 0 Movement Mouse Keybinds 0 Fullscreen 1 Font 24/Terminus Map View 76x50 Tactical HUD 1 Map Filters NONE Filters NONE Steam 1 RUN: e9f371fe-b5ba-454e-8180-75e3500420c0